 Dungeon Crawl Stone Soup version 0.31-a0-1338-gb567cfdca4 (webtiles) character file.

Game seed: 6722276249033125380

8602 grandjackal the Fighter (level 11, -12/123 HPs)
             Began as an Oni Gladiator on Dec 21, 2023.
             Was a High Priest of Okawaru.
             Mangled by Urug
             ... wielding a +0 battleaxe of electrocution
              (14 damage)
             ... on level 10 of the Dungeon.
             The game lasted 00:11:34 (10067 turns).

grandjackal the Fighter (Oni Gladiator)            Turns: 10067, Time: 00:11:35

Health: -12/123    AC: 14    Str: 24    XL:     11   Next: 33%
Magic:  0/6        EV: 11    Int:  9    God:    Okawaru [*****.]
Gold:   596        SH:  0    Dex: 10    Spells: 10/10 levels left

rFire   . . .        E - +1 flail (antimagic)
rCold   . . .        (no shield)
rNeg    . . .        K - +0 acid dragon scales
rPois   .            p - +1 hat
rElec   .            o - +0 cloak
rCorr   +            (gloves unavailable)
SInv    .            (boots unavailable)
Will    +....        O - amulet of guardian spirit
Stlth   ++           x - +4 ring of protection
HPRegen 0.40/turn    (no ring)
MPRegen 0.10/turn

%: guardian spirit
@: heroic
A: drunken brawling, large, unfitting armour, horns 1, tough skin 1, double
potion healing
a: Renounce Religion, Heroism, Finesse, Duel


You were on level 10 of the Dungeon.
You worshipped Okawaru.
Okawaru was extremely pleased with you.
You visited 2 branches of the dungeon, and saw 11 of its levels.
You also visited: Ossuary.

You collected 716 gold pieces.
You spent 120 gold pieces at shops.

Inventory:

Hand Weapons
 a - a +0 flail
 E - a +1 antimagic flail (weapon)
Missiles
 d - 2 throwing nets
 e - a large rock
 k - 9 boomerangs (quivered)
Armour
 o - a +0 cloak (worn)
 p - a +1 hat (worn)
 K - +0 acid dragon scales (worn)
Jewellery
 b - a ring of see invisible
 f - a ring of wizardry
 j - a +6 ring of intelligence
 x - a +4 ring of protection (left hand)
 O - an amulet of guardian spirit (around neck)
Wands
 q - a wand of roots (14)
 H - a wand of flame (24)
 L - a wand of digging (6)
 N - a wand of polymorph (7)
 Q - a wand of paralysis (4)
Scrolls
 g - a scroll of fog {unknown}
 h - 9 scrolls of identify {unknown}
 m - a scroll of enchant armour {unknown}
 s - a scroll of torment {unknown}
 v - 3 scrolls of fear {unknown}
 w - 5 scrolls of teleportation {unknown}
 y - a scroll of vulnerability {unknown}
 D - a scroll of silence {unknown}
 F - a scroll of immolation {unknown}
 I - a scroll of amnesia {unknown}
 J - a scroll of enchant weapon {unknown}
 M - a scroll of acquirement {unknown}
 R - a scroll of revelation {unknown}
Potions
 c - 2 potions of cancellation {unknown}
 i - a potion of resistance {unknown}
 l - a potion of berserk rage {unknown}
 n - 5 potions of curing {unknown}
 r - 2 potions of might {unknown}
 t - 2 potions of degeneration {unknown}
 u - a potion of ambrosia {unknown}
 z - 2 potions of haste
 A - 2 potions of enlightenment {unknown}
 B - a potion of attraction {unknown}
 C - 2 potions of brilliance {unknown}
 G - a potion of heal wounds {unknown}
 P - 2 potions of lignification {unknown}


   Skills:
 + Level 11.7(16.7) Fighting
 + Level 9.3(14.3) Maces & Flails
 + Level 9.0(14.0) Throwing
 - Level 3.0(8.0) Dodging
 + Level 9.9 Invocations


You had 10 spell levels left.
You didn't know any spells.
Your spell library contained the following spells:

 Spells                   Type           Power      Damage    Failure   Level
 Apportation              Tloc           0%         N/A       45%         1
 Necrotise                Necr           0%         1d4       45%         1
 Slow                     Hex            0%         N/A       45%         1
 Sting                    Conj/Alch      0%         1d3       45%         1
 Blink                    Tloc           0%         N/A       58%         2
 Lesser Beckoning         Tloc           0%         N/A       58%         2
 Momentum Strike          Conj/Tloc      0%         3d8       58%         2
 Confusing Touch          Hex            0%         N/A       83%         3
 Hailstorm                Conj/Ice       0%         3d5       83%         3
 Sigil of Binding         Hex            0%         N/A       83%         3
 Vampiric Draining        Necr           0%         2d6       83%         3
 Summon Small Mammal      Summ           Unusable   N/A       N/A         1
 Summon Ice Beast         Ice/Summ       Unusable   N/A       N/A         4
 Simulacrum               Ice/Necr       Unusable   N/A       N/A         6

Dungeon Overview and Level Annotations

Branches:
Dungeon (10/15)            Temple (1/1) D:4            Lair (0/5) D:8
Ossuary (visited)
    Orc: D:9-12

Altars:
Ashenzari
Cheibriados
Dithmenos
Elyvilon
Fedhas
Gozag
Hepliaklqana
Kikubaaqudgha
Makhleb
Nemelex Xobeh
Okawaru
Qazlal
Ru
Sif Muna
Trog
Uskayaw
Vehumet
Wu Jian
Xom
Yredelemnul
Zin
The Shining One

Shops:
D:4 !

Annotations:
D:10 Urug


Innate Abilities, Weirdness & Mutations

Whenever you drink a potion that restores your health or magic, you attack all enemies around you.
You are too large for most types of armour.
You have a pair of small horns on your head.
You have tough skin. (AC +1)
Whenever you drink a potion that restores your health or magic, it restores twice as much.


Message History

Okawaru accepts your kill. Urug barely misses you.
You thump Urug!
Urug is heavily wounded.
You closely miss Urug. You punch Urug, but do no damage.
Urug is heavily wounded.
Urug closely misses you.
You hit Urug. You headbutt Urug, but do no damage.
Urug is heavily wounded.
Urug hits you with a +0 battleaxe of electrocution!
You closely miss Urug.
Urug is heavily wounded.
You closely miss Urug. You headbutt Urug.
Urug is heavily wounded.
Urug hits you with a +0 battleaxe of electrocution!!
You barely miss Urug.
Urug is heavily wounded.
Urug hits you with a +0 battleaxe of electrocution!!
You thump Urug!
Urug is severely wounded.
Urug barely misses you.
You closely miss Urug.
Urug is severely wounded.
You barely miss Urug.
Urug is severely wounded.
Urug hits you but does no damage.
You are electrocuted!
* * * LOW HITPOINT WARNING * * *
You hit Urug but do no damage.
Urug is severely wounded.
Urug hits you with a +0 battleaxe of electrocution!
* * * LOW HITPOINT WARNING * * *
You are electrocuted!
* * * LOW HITPOINT WARNING * * *
You hit Urug. You headbutt Urug.
Urug is severely wounded.
You hit Urug but do no damage.
Urug is severely wounded.
Urug hits you with a +0 battleaxe of electrocution!
You die...
Urug screams, "Revenge at last!"

.. ..>.# ...
....#
...#####....#
............#
............
..........#
.......o..#
#@..# #...#
#...# #..<#
#...# #...#
#...# ....#
.....#


You could see Urug.

Vanquished Creatures
  2 two-headed ogres (D:8)
  Pikel (D:7)
  A manticore (D:8)
  2 trolls
  A flying skull (D:6)
  3 wyverns
  A fire bat (D:6)
  4 steam dragons
  5 yaks (D:9)
  A water moccasin (D:7)
  A black bear (D:5)
  An ice beast (D:5)
  An orc warrior (D:8)
  7 sky beasts
  4 ogres
  2 elephant zombies (D:6)
  2 crocodiles (D:8)
  2 centaurs (D:6)
  3 phantoms (D:5)
  An elf zombie (Ossuary)
  4 lemures
  3 bullfrogs
  A kobold brigand (D:9)
  3 scorpions
  A gnoll sergeant (D:7)
  3 killer bees (D:8)
  2 human zombies (Ossuary)
  6 centaur zombies
  3 hounds
  4 jellies
  2 orc priests
  3 sleepcaps
  Ijyb (D:3)
  8 iguanas
  Natasha (thrice) (D:4)
  3 orc wizards (D:8)
  2 scorpion zombies (D:6)
  A crocodile zombie (Ossuary)
  An ogre zombie (D:6)
  5 hound zombies
  3 mummies (Ossuary)
  A howler monkey zombie (D:6)
  7 gnolls
  9 adders
  A bombardier beetle (D:5)
  10 adder zombies
  3 worms
  A dart slug (D:1)
  17 orcs
  10 ball pythons
  7 endoplasms
  8 giant cockroaches
  3 gnoll zombies (Ossuary)
  10 goblins
  12 hobgoblins
  3 jackals
  3 quokkas
  8 bats
  6 frilled lizards
  2 hobgoblin zombies (Ossuary)
  7 jackal zombies (Ossuary)
  13 kobolds
  4 kobold zombies (Ossuary)
  2 orc zombies (Ossuary)
  A quokka zombie (Ossuary)
  8 rats
263 creatures vanquished.

Notes
Turn   | Place    | Note
-------+----------+-------------------------------------------
     0 | D:1      | grandjackal the Oni Gladiator began the quest for the Orb.
     0 | D:1      | Reached XP level 1. HP: 22/22 MP: 1/1
    86 | D:1      | Reached XP level 2. HP: 21/29 MP: 2/2
    88 | D:1      | Reached skill level 3 in Fighting
   440 | D:1      | Reached XP level 3. HP: 34/37 MP: 3/3
  1203 | D:2      | Reached XP level 4. HP: 48/48 MP: 4/4
  1447 | D:2      | Reached skill level 4 in Fighting
  1961 | D:3      | Noticed Ijyb
  1969 | D:3      | Killed Ijyb
  1970 | D:3      | Reached XP level 5. HP: 48/55 MP: 5/5
  2582 | D:4      | Found Debb's Distillery.
  2588 | D:4      | Bought a potion of haste for 120 gold pieces
  2612 | D:4      | Found a staircase to the Ecumenical Temple.
  2621 | Temple   | Entered the Ecumenical Temple
  2634 | Temple   | Became a worshipper of Warmaster Okawaru
  2663 | D:4      | Found a sand-covered staircase.
  2671 | Ossuary  | Entered an ossuary
  2701 | Ossuary  | Reached skill level 1 in Invocations
  2747 | Ossuary  | Reached skill level 5 in Fighting
  2747 | Ossuary  | Reached XP level 6. HP: 54/66 MP: 5/7
  2909 | Ossuary  | Reached * piety under Okawaru
  2929 | Ossuary  | Reached XP level 7. HP: 54/72 MP: 8/8
  3223 | D:4      | Found an ancient bone altar of Kikubaaqudgha.
  3224 | D:4      | Found a basalt altar of Yredelemnul.
  3225 | D:4      | Found a sacrificial altar of Ru.
  3225 | D:4      | Found a radiant altar of Vehumet.
  3287 | D:4      | Reached skill level 5 in Maces & Flails
  3392 | D:4      | Noticed Natasha
  3400 | D:4      | Killed Natasha
  3401 | D:4      | Reached skill level 6 in Fighting
  3480 | D:4      | Noticed Natasha
  3490 | D:4      | Killed Natasha
  3736 | D:4      | Noticed Natasha
  3743 | D:4      | Killed Natasha
  3783 | D:5      | Entered Level 5 of the Dungeon
  3900 | D:5      | Reached ** piety under Okawaru
  3901 | D:5      | Reached XP level 8. HP: 74/84 MP: 3/11
  3947 | D:5      | Reached skill level 5 in Throwing
  4177 | D:5      | Reached skill level 7 in Fighting
  4544 | D:5      | Reached skill level 5 in Invocations
  4599 | D:5      | Found a snail-covered altar of Cheibriados.
  4612 | D:5      | Found a hazy altar of Hepliaklqana.
  5021 | D:6      | Reached skill level 8 in Fighting
  5021 | D:6      | Reached XP level 9. HP: 69/96 MP: 4/13
  5178 | D:6      | Reached *** piety under Okawaru
  5366 | D:6      | Found an ancient bone altar of Kikubaaqudgha.
  5678 | D:6      | Reached skill level 9 in Fighting
  5727 | D:6      | Found a shimmering altar of Xom.
  6249 | D:7      | Reached **** piety under Okawaru
  6478 | D:7      | Reached XP level 10. HP: 84/107 MP: 5/15
  6622 | D:7      | Found an opulent altar of Gozag.
  6753 | D:7      | Found a shadowy altar of Dithmenos.
  7084 | D:7      | Noticed Pikel
  7384 | D:7      | Killed Pikel
  7385 | D:7      | Reached skill level 10 in Fighting
  7529 | D:8      | Found a staircase to the Lair.
  7543 | D:8      | Noticed a manticore
  7555 | D:8      | Killed a manticore
  7748 | D:8      | Noticed a two-headed ogre
  7758 | D:8      | Killed a two-headed ogre
  7758 | D:8      | Reached ***** piety under Okawaru
  7985 | D:8      | Noticed a two-headed ogre
  7988 | D:8      | Killed a two-headed ogre
  7989 | D:8      | Reached skill level 11 in Fighting
  8008 | D:8      | Reached XP level 11. HP: 95/120 MP: 5/17
  9373 | D:9      | Received a gift from Okawaru
  9830 | D:9      | Found an ornate altar of the Wu Jian Council.
 10041 | D:10     | Entered Level 10 of the Dungeon
 10044 | D:10     | Noticed Urug
 10065 | D:10     | HP: 2/123 [Urug/+0 battleaxe of electrocution (10)]
 10067 | D:10     | Mangled by Urug

Illustrated notes

Levels and vault maps discovered:
D:1:      sevenhm_arrival_forest_fort_large_4, layout_basic, amethyst_killhole
D:2:      layout_loops_ring, minivault_25
D:3:      layout_rooms, supply_closet_lemuel, minmay_ruptured, uniq_ijyb
D:4:      layout_rooms, grunt_temple_overflow_open,
          minmay_temple_entry_junction, enter_ossuary_1, serial_shops,
          nicolae_shop_pleasant_corner_grove, chequers_serial_rivers_micro_b,
          minmay_close_crescents, uniq_natasha
D:5:      layout_basic, cheibriados_altar_1, overflow_temple_1_default,
          minivault_24, nicolae_twisty_statue_hallways
D:6:      layout_loops_ring, regret_index_xom_of_box,
          roadster_capsule_ark_zombie
D:7:      layout_basic, grunt_gozag_statues, grunt_dithmenos_smoke, uniq_pikel
D:8:      regret_index_malice_mire, layout_rooms, lair_entry_dummy
D:9:      layout_loops_ring, nicolae_wu_jian_immortal_techniques
D:10:     lemuel_reptile_caves, layout_irregular_city, uniq_urug, uniq_grum,
          uniq_maggie
Temple:   nicolae_temple_ecumenical_triangle

Skill      XL: |  1  2  3  4  5  6  7  8  9 10 11 |
---------------+----------------------------------+-----
Fighting       | 3 4 5 6 8 9 11 | 11.7
Dodging        | 3 |  3.0
Throwing       | 3 4 6 7 8 9 |  9.0
Maces & Flails | 4 5 6 7 8 9 |  9.3
Invocations    | 1 2 4 5 7 9 |  9.9

Action                     |  1- 3 |  4- 6 |  7- 9 | 10-12 || total
---------------------------+-------+-------+-------+-------++-------
  Melee: Flail             |   105 |   230 |   400 |   302 ||  1037
         Headbutt          |    12 |    33 |    99 |    64 ||   208
         Punch             |       |     1 |     5 |     3 ||     9
  Throw: Boomerang         |       |     3 |    19 |    32 ||    54
         Throwing net      |       |       |       |     1 ||     1
 Invoke: Heroism           |       |       |     2 |     3 ||     5
  Evoke: Wand              |       |       |       |     7 ||     7
   Stab: Sleeping          |     2 |       |       |       ||     2
         Held in net/web   |       |       |       |     1 ||     1
 Armour: Robe              |    76 |   229 |   160 |       ||   465
         Acid dragon scale |       |       |   158 |   284 ||   442
  Dodge: Dodged            |    60 |   144 |   198 |   160 ||   562

Table legend: (Time is in decaauts)
 A = Elapsed time spent in this place.
 B = Non-inter-level travel time spent in this place.
 C = Inter-level travel time spent in this place.
 D = Time resting spent in this place.
 E = Time spent auto-exploring this place.
 F = Levels seen in this place.
 G = Mean time per level.
                   A        B        C        D        E       F      G
               +--------+--------+--------+--------+--------+-----+--------+
         Total |  10141 |   9822 |    319 |   1972 |   5744 |  12 |  845.1 |
       Dungeon |   9539 |   9220 |    319 |   1972 |   5426 |  10 |  953.9 |
        Temple |     26 |     26 |      0 |      0 |      0 |   1 |   26.0 |
       Ossuary |    575 |    575 |      0 |      0 |    318 |   1 |  575.0 |
               +--------+--------+--------+--------+--------+-----+--------+

Top non-repeatable levels by time:
     D:8: 1661 daAuts
     D:6: 1434 daAuts
     D:7: 1207 daAuts
     D:5: 1043 daAuts
     D:1: 1018 daAuts
     D:9: 909 daAuts
     D:2: 851 daAuts
     D:4: 730 daAuts
     D:3: 662 daAuts
 Ossuary: 575 daAuts
  Temple: 26 daAuts
    D:10: 21 daAuts
